 Dungeon Crawl Stone Soup version 0.30.1-9-gdf580d7c3d (webtiles) character file.

Game seed: 9862346607367209080

513 arthad the Ducker (level 7, -3/50 HPs)
             Began as a Djinni Gladiator on Oct 19, 2023.
             Was an Initiate of Okawaru.
             Slain by an ice beast (12 damage)
             ... on level 5 of the Dungeon.
             The game lasted 00:08:41 (4655 turns).

arthad the Ducker (Djinni Gladiator)                Turns: 4655, Time: 00:08:41

Health: -3/50      AC:  4    Str: 15    XL:     7   Next: 43%
Gold:   198        EV: 13    Int: 10    God:    Okawaru [......] SH:  0 Dex: 14

rFire   + + .        a - +0 long sword
rCold   x . .        (no shield)
rNeg    . . .        b - +0 leather armour
rPois   ∞            c - +0 helmet
rElec   .            y - scarf {repulsion}
rCorr   +            (no gloves)
SInv    .            (boots unavailable)
Will    .....        j - amulet of the acrobat
Stlth   ++           v - ring of resist corrosion
HPRegen 0.28/turn    (no ring)
MPRegen 0.00/turn

%: repel missiles, acrobat, infuse magic (-4 HP)
@: flying, very slightly contaminated
A: sickness immunity, fire resistance 2, cold vulnerability 1, float, innate
caster, HP casting, extra vitality 1
a: Renounce Religion


You were on level 5 of the Dungeon.
You worshipped Okawaru.
Okawaru was noncommittal.
You visited 2 branches of the dungeon, and saw 6 of its levels.

You collected 198 gold pieces.

Inventory:

Hand Weapons
 a - a +0 long sword (weapon)
Missiles
 d - 3 throwing nets
 e - a javelin
 B - 3 boomerangs (quivered)
Armour
 b - a +0 leather armour (worn)
 c - a +0 helmet (worn)
 w - a +0 cloak
 y - a scarf of repulsion (worn)
Magical Staves
 x - a staff of fire
 z - a staff of death
Jewellery
 j - an amulet of the acrobat (around neck)
 v - a ring of resist corrosion (left hand)
Wands
 p - a wand of flame (5)
Scrolls
 f - 5 scrolls of teleportation {unknown}
 m - 3 scrolls of identify {unknown}
 n - 2 scrolls of silence {unknown}
 o - a scroll of brand weapon {unknown}
 q - a scroll of enchant weapon {unknown}
 r - a scroll of immolation {unknown}
 u - a scroll of enchant armour {unknown}
 A - a scroll of magic mapping {unknown}
Potions
 g - 3 potions of mutation {unknown}
 h - a potion of curing {unknown}
 i - 4 potions of heal wounds
 k - a potion of brilliance {unknown}
 l - 2 potions of lignification {unknown}
 s - 3 potions of attraction {unknown}
 t - 2 potions of flight {unknown}
 C - a potion of resistance {unknown}


   Skills:
 * Level 3.6 Fighting
 * Level 4.0 Long Blades
 + Level 2.4 Throwing
 * Level 2.7 Armour
 * Level 4.8 Dodging
 + Level 1.5 Stealth
 + Level 1.0 Spellcasting


You knew the following spells:

 Your Spells              Type           Power      Damage    Failure   Level
a - Apportation           Tloc           4%         N/A       28%         1
b - Blink                 Tloc           4%         N/A       38%         2
c - Ignite Poison         Fire/Tmut/Pois 2%         N/A       63%         3
Your spell library was empty.

Dungeon Overview and Level Annotations

Branches:
Dungeon (5/15)             Temple (1/1) D:5

Altars:
Ashenzari
Dithmenos
Elyvilon
Fedhas
Gozag
Nemelex Xobeh
Okawaru
Qazlal
Ru
Trog
Uskayaw
Wu Jian
Xom
Yredelemnul
Zin
The Shining One

Annotations:
D:4 2 transporters, rozman's ghost, amateur HOFE


Innate Abilities, Weirdness & Mutations

You are immune to sickness and miasma.
You are immune to poison.
Your flesh is very heat resistant. (rF++)
You are vulnerable to cold. (rC-)
You float through the air rather than walking.
You learn spells naturally, not from books.
Your magical power is your life essence.
You have superior vitality. (+4 MHP)


Message History

The ice beast closely misses you.
You slash the ice beast!
The ice beast is almost dead.
The ice beast hits you. The ice beast freezes you!
You feel a terrible chill!
You barely miss the ice beast.
The ice beast is almost dead.
The ice beast hits you. The ice beast freezes you!
You feel a terrible chill!
You are too injured to fight recklessly!
You are too injured to fight recklessly!
You closely miss the ice beast.
The ice beast is almost dead.
The ice beast barely misses you.
You closely miss the ice beast.
The ice beast is almost dead.
The ice beast hits you. The ice beast freezes you!
You feel a terrible chill!
* * * LOW HITPOINT WARNING * * *
The ice beast closely misses you.
Aiming: Throw Flame
Press: ? - help, Shift-Dir - straight line, f - ice beast
Aim: an ice beast (almost dead, 68% to hit)
The puff of flame misses the ice beast.
The ice beast hits you but does no damage.
Aiming: Throw Flame
Press: ? - help, Shift-Dir - straight line, f/p - ice beast
Aim: an ice beast (almost dead, 68% to hit)
The puff of flame hits the ice beast but does no damage.
The ice beast is almost dead.
The ice beast closely misses you.
Cast which spell? (? or * to list)
You miscast Blink.
You are very lightly contaminated with residual magic.
Nothing appears to happen.
* * * LOW HITPOINT WARNING * * *
The ice beast hits you but does no damage.
You hit the ice beast.
The ice beast is almost dead.
The ice beast hits you.
* * * LOW HITPOINT WARNING * * *
The ice beast freezes you!
You feel a terrible chill!
You die...

.....##..........#.##..........##
##.#....#........#....###......##
##..###.##..##......### ##.......
##............##...### #....)#.
#####.#.###.........####.......
##.#.# ##.###.......#.####..
#..#.# #...#######...# #.. #.#..#
###.# ##..# #.. #...## #@# #.##
#.. #..## #Y# #.# ##. #.## #..
..# ## #.# #... .### # ### #....
# #....# ######


You could see an ice beast.

Vanquished Creatures
  An ice beast (D:5)
  3 jellies
  2 hounds
  A sleepcap (D:4)
  An iguana (D:4)
  8 gnolls
  4 adders
  A worm (D:4)
  2 dart slugs
  7 orcs
  5 bats
  6 endoplasms
  4 giant cockroaches
  8 hobgoblins
  11 jackals (D:1)
  11 kobolds
  2 quokkas
  6 ball pythons
  2 frilled lizards
  6 goblins
  5 rats
96 creatures vanquished.

Notes
Turn   | Place    | Note
-------+----------+-------------------------------------------
     0 | D:1      | arthad the Djinni Gladiator began the quest for the Orb.
     0 | D:1      | Reached XP level 1. HP: 18/18 MP: 0/0
     2 | D:1      | Noticed a vine stalker
     2 | D:1      | Noticed an armataur
     4 | D:1      | Noticed a minotaur
     6 | D:1      | Noticed an octopode
     6 | D:1      | Noticed a gargoyle
     8 | D:1      | Noticed a meteoran
     8 | D:1      | Noticed a tengu
    10 | D:1      | Noticed a demigod
    12 | D:1      | Noticed a formicid
    12 | D:1      | Noticed an elf
    14 | D:1      | Noticed a naga
    14 | D:1      | Noticed a troll
    16 | D:1      | Noticed an ogre
    16 | D:1      | Noticed a human
    18 | D:1      | Noticed a vampire
    18 | D:1      | Noticed a demonspawn
    20 | D:1      | Noticed a felid
    22 | D:1      | Noticed a draconian
    22 | D:1      | Noticed a merfolk
    24 | D:1      | Noticed a spriggan
    26 | D:1      | Noticed a vine stalker
    26 | D:1      | Noticed a spriggan
    95 | D:1      | Reached XP level 2. HP: 14/23 MP: 0/0
   658 | D:1      | Reached XP level 3. HP: 22/28 MP: 0/0
   658 | D:1      | Learned a level 1 spell: Apportation
  1252 | D:2      | Found a faded altar of an unknown god.
  1843 | D:3      | Reached skill level 1 in Armour
  1864 | D:3      | Reached XP level 4. HP: 34/34 MP: 0/0
  1888 | D:3      | Found a sacrificial altar of Ru.
  2413 | D:3      | Found a glowing golden altar of the Shining One.
  2418 | D:3      | Found a basalt altar of Yredelemnul.
  2423 | D:3      | Found a blossoming altar of Fedhas.
  2515 | D:4      | Reached XP level 5. HP: 36/39 MP: 0/0
  2515 | D:4      | Learned a level 2 spell: Blink
  2686 | D:4      | Reached XP level 6. HP: 11/46 MP: 0/0
  2839 | D:4      | Reached skill level 1 in Stealth
  2848 | D:4      | Found a transporter.
  2851 | D:4      | Noticed rozman's ghost (amateur HOFE)
  2944 | D:4      | Found a transporter.
  3783 | D:4      | Found a bloodstained altar of Trog.
  3783 | D:4      | Found a white marble altar of Elyvilon.
  4035 | D:5      | Entered Level 5 of the Dungeon
  4065 | D:5      | Found a staircase to the Ecumenical Temple.
  4091 | Temple   | Entered the Ecumenical Temple
  4153 | Temple   | Became a worshipper of Warmaster Okawaru
  4304 | D:5      | Reached XP level 7. HP: 44/50 MP: 0/0
  4304 | D:5      | Learned a level 3 spell: Ignite Poison
  4507 | D:5      | Reached skill level 1 in Spellcasting
  4655 | D:5      | Slain by an ice beast

Illustrated notes

Levels and vault maps discovered:
D:1:      kb_arrival_jail, layout_loops_corners,
          nicolae_kite_square_tiling_tiny, minmay_misc_feat_square
D:2:      layout_basic, shapermc_ecumenical_altar_venn, roderic_lattice_a
D:3:      layout_loops_cross, minmay_overflow_temple_star_quad,
          hangedman_ru_absence
D:4:      layout_layer_cave, gammafunk_temple_overflow_elements,
          gammafunk_ghost_stat_death, st_stairs_8, serial_bayou_pond_c,
          chequers_serial_rivers_micro_d, kennysheep_donut
D:5:      layout_rooms, minmay_temple_entry_gardened_gates
Temple:   cyrus_circular_temple

Skill      XL: |  1  2  3  4  5  6  7 |
---------------+----------------------+-----
Long Blades    | 3 4 |  4.0
Armour         | 1 2 |  2.7
Throwing       | 2 |  2.4
Dodging        | 4 |  4.8
Fighting       | 3 |  3.6
Stealth        | 1 |  1.5
Spellcasting   | 1 |  1.0

Action                     |  1- 3 |  4- 6 |  7- 9 || total
---------------------------+-------+-------+-------++-------
  Melee: Long sword        |   143 |   149 |    37 ||   329
         Punch             |       |     1 |       ||     1
  Throw: Boomerang         |       |    13 |    10 ||    23
  Evoke: Wand              |       |       |     2 ||     2
    Use: Potion            |       |       |     1 ||     1
   Stab: Sleeping          |     1 |     2 |       ||     3
 Armour: Leather armour    |    34 |    31 |     7 ||    72
  Dodge: Dodged            |   128 |   104 |    27 ||   259
